 Dungeon Crawl Stone Soup version 0.22-a0-422-g9628fc8 (webtiles) character file.

6804 DrEnzyme the Basher (level 10, -4/79 HPs)
             Began as a Demonspawn Gladiator on May 20, 2018.
             Was a High Priest of Okawaru.
             Shot with a bolt by an orc warrior (10 damage)
             ... in a bailey.
             The game lasted 01:20:35 (14473 turns).

DrEnzyme the Basher (Demonspawn Gladiator)         Turns: 14473, Time: 01:20:35

Health: -4/79      AC: 13    Str: 17    XL:     10   Next: 77%
Magic:  10/10      EV: 14    Int: 15    God:    Okawaru [*****.]
Gold:   625        SH:  3    Dex: 20    Spells: 8/10 levels left

rFire    + . .     SeeInvis .   L - +2 dire flail "Quroeq" {crush, *Drain Str+3 Int+3 Stlth+}
rCold    + + .     Gourm    .   (shield currently unavailable)
rNeg     + . .     Faith    .   z - +4 scale mail {rF+}
rPois    .         Spirit   .   (helmet restricted)
rElec    .         Reflect  +   w - scarf {rC+ rF+}
rCorr    .         Harm     .   (no gloves)
MR       .....                  (no boots)
Stlth    ++........             N - +3 amulet of reflection
HPRegen  0.23/turn              j - ring of positive energy
MPRegen  0.12/turn              h - ring of Altruism {Ice Int+2}

@: no status effects
A: beak, claws 1, yellow scales 1, agile 1, demonic guardian 2, powered by pain
2
a: Heroism, Finesse, Renounce Religion


You were in a bailey.
You worshipped Okawaru.
Okawaru was extremely pleased with you.
You were very hungry.

You visited 2 branches of the dungeon, and saw 12 of its levels.
You also visited: Bailey.

You collected 625 gold pieces.

Inventory:

Hand Weapons
 a - a +1 flail
 b - a +0 blowgun
 o - a +2 hand axe of freezing
 C - a +2 shortbow of flaming
 L - the +2 dire flail "Quroeq" (weapon) {crush, *Drain Str+3 Int+3 Stlth+}
   (Okawaru gifted it to you on level 9 of the Dungeon)

   It inflicts extra damage upon your enemies.
   It affects your strength (+3).
   It affects your intelligence (+3).
   It causes draining when unequipped.
   It makes you more stealthy.
Missiles
 d - 3 throwing nets (quivered)
 l - 3 javelins of returning
 t - 29 poisoned needles
Armour
 c - a +0 helmet
 p - a +2 helmet
 u - a +1 leather armour of cold resistance
 w - a scarf of resistance (worn)
 z - a +4 scale mail of fire resistance (worn)
 I - a +0 large shield
Magical Staves
 D - an uncursed staff of fire {unknown}
Jewellery
 h - the ring of Altruism (right claw) {Ice Int+2}
   (You acquired it on level 7 of the Dungeon)

   [ring of ice]

   It enhances your ice magic.
   It affects your intelligence (+2).
   It makes you vulnerable to fire.
   It protects you from cold.
 j - a ring of positive energy (left claw)
 N - a +3 amulet of reflection (around neck)
Wands
 n - a wand of scattershot (3)
 r - a wand of polymorph (34)
 v - a wand of enslavement (14)
 B - a wand of disintegration (7)
 E - a wand of acid (7)
 G - a wand of flame (23)
 J - a wand of digging (11)
 M - a wand of paralysis (5)
 P - a wand of iceblast (8)
Scrolls
 e - 2 scrolls of remove curse
 i - a scroll of identify
 m - 3 scrolls of immolation
 q - 2 scrolls of amnesia
 y - a scroll of fear {unknown}
 F - 2 scrolls of blinking
Potions
 g - a potion of flight
 k - a potion of brilliance
 x - a potion of cancellation
 A - a potion of ambrosia
 H - a potion of might
 K - a potion of curing
 Q - a potion of resistance {unknown}
Miscellaneous
 O - a lamp of fire
Comestibles
 f - 23 rations


   Skills:
 * Level 7.0 Fighting
 * Level 9.8 Maces & Flails
 + Level 4.3 Throwing
 * Level 6.4 Armour
 * Level 6.4 Dodging
 + Level 3.1 Stealth
 + Level 0.5 Spellcasting
 + Level 0.9 Necromancy
 + Level 0.1 Invocations


You had 8 spell levels left.
You knew the following spells:

 Your Spells              Type           Power        Failure   Level  Hunger
a - Pain                  Necr           #...         47%         1    ##.....
b - Shock                 Conj/Air       #...         61%         1    ##.....

Your spell library contained the following spells:

 Spells                   Type           Power        Failure   Level  Hunger
 Apportation              Tloc           #.....       61%         1    ##.....
 Bolt of Fire             Conj/Fire      #.........   100%        6    #######
 Bolt of Magma            Conj/Fire/Erth #.........   100%        5    ######.
 Invisibility             Hex            #.......     100%        6    #######
 Throw Frost              Conj/Ice       #.....       75%         2    ###....
 Freeze                   Ice            #...         61%         1    ##.....
 Summon Ice Beast         Ice/Summ       #.......     100%        4    #####..
 Ozocubu's Armour         Chrm/Ice       #.......     93%         3    ####...
 Tukima's Dance           Hex            #.......     93%         3    ####...
 Throw Icicle             Conj/Ice       #.......     100%        4    #####..
 Summon Butterflies       Summ           #.......     61%         1    ##.....
 Alistair's Intoxication  Tmut/Pois      #.......     100%        5    ######.
 Fulminant Prism          Conj/Hex       #.........   100%        4    #####..
 Force Lance              Conj/Tloc      #.......     100%        4    #####..
 Lesser Beckoning         Tloc           #.........   93%         3    ####...


Dungeon Overview and Level Annotations

Branches:
Dungeon (11/15)            Temple (1/1) D:4            Lair (0/6) D:8
    Orc (0/2) D:11

Altars:
Ashenzari
Cheibriados
Dithmenos
Elyvilon
Fedhas
Hepliaklqana
Kikubaaqudgha
Makhleb
Nemelex Xobeh
Okawaru
Qazlal
Ru
Sif Muna
Trog
Uskayaw
Vehumet
Wu Jian
Xom
The Shining One

Annotations:
D:2 exclusion: downstairs
D:5 exclusion: downstairs
D:6 exclusions: eye of draining and gargoyle
D:7 exclusion: downstairs
D:8 exclusion: 2 downstairs
D:9 exclusion: hornet


Innate Abilities, Weirdness & Mutations

You have sharp fingernails.
You are partially covered in yellow scales. (AC +2)
A demonic guardian rushes to your aid.
You sometimes gain power by taking damage.
You have a beak for a mouth.
You are agile. (Dex +2)


Message History

An orc warrior is nearby!
Evoke which item? (* to show all) (? for menu, Esc to quit)
Aiming: Disintegrate
Press: ? - help, Shift-Dir - straight line, f/p - orc warrior
Aim: an orc warrior, wielding an arbalest and wearing a scale mail (chance to defeat MR: 65%)
The orc warrior is blasted.
Evoke which item? (* to show all) (? for menu, Esc to quit)
Aiming: Disintegrate
Press: ? - help, Shift-Dir - straight line, f/p - orc warrior
Aim: an orc warrior, wielding an arbalest and wearing a scale mail (severely wounded, chance to defeat MR: 65%)
The orc warrior struggles to resist.
You are feeling very hungry.
An orc comes into view. It is wielding an arbalest.
Evoke which item? (* to show all) (? for menu, Esc to quit)
Aiming: Disintegrate
Press: ? - help, Shift-Dir - straight line, f/p - orc warrior
Aim: an orc warrior, wielding an arbalest and wearing a scale mail (severely wounded, chance to defeat MR: 65%)
The orc warrior struggles to resist.
The orc shoots a bolt.
The bolt misses you.
The orc warrior shoots a bolt.
The bolt hits you!
You die...

.##≈)......(.......≈##.##
#≈≈oo.o.()........≈≈#.#
≈≈≈........(........≈≈≈
.......%o(.............
..........((...........
.........(((..........
.......%.............
.....................
............@.......
###################


You could see an orc warrior and an orc.

Vanquished Creatures
  An unseen horror (D:10)
  A komodo dragon (D:8)
  A troll (D:10)
  2 hippogriffs (D:7)
  A spriggan (D:8)
  2 wyverns
  A water moccasin (D:11)
  An orc warrior (D:8)
  An ice beast (D:9)
  2 black bears
  3 phantoms
  6 ogres
  6 centaurs
  11 bullfrogs
  2 gnoll sergeants
  2 scorpions
  4 killer bees
  A wight (D:9)
  4 crimson imps
  2 centaur zombies
  2 bullfrog zombies
  6 hounds
  A jelly (D:7)
  Crazy Yiuf (D:3)
  A centaur skeleton (D:9)
  An orc priest (D:3)
  An orc wizard (D:3)
  A bullfrog skeleton (D:4)
  2 iguanas
  9 worker ants
  Robin (D:4)
  10 gnolls
  A howler monkey skeleton (D:10)
  5 adders
  An ooze (D:6)
  2 dart slugs
  3 leopard geckos
  9 orcs
  3 bats
  2 giant cockroaches
  21 goblins
  6 hobgoblins
  13 jackals
  8 quokkas
  A ball python (D:5)
  A ball python skeleton (D:4)
  3 frilled lizards
  13 kobolds
  A leopard gecko zombie (D:6)
  A quokka zombie (D:5)
  6 rats
190 creatures vanquished.

Vanquished Creatures (collateral kills)
  Pikel (D:7)
  A manticore (D:11)
  A troll (D:9)
  3 yaks (D:9)
  Edmund (D:5)
  A slave (D:7)
  2 ogres
  A necrophage (D:7)
  A bullfrog (D:6)
  A water moccasin zombie (D:5)
  A killer bee (D:9)
  7 wights
  A hound (D:7)
  A centaur skeleton (D:4)
  2 gnolls (D:5)
  2 orcs (D:3)
  3 goblins
  A hobgoblin (D:4)
31 creatures vanquished.

Vanquished Creatures (others)
  An orc (Bailey)
  A plant (D:8)
  7 toadstools (D:3)
9 creatures vanquished.

Grand Total: 230 creatures vanquished

Notes
Turn   | Place    | Note
-------+----------+-------------------------------------------
     0 | D:1      | DrEnzyme the Demonspawn Gladiator began the quest for the Orb.
     0 | D:1      | Reached XP level 1. HP: 16/16 MP: 1/1
   159 | D:1      | Gained mutation: You are partially covered in yellow scales. (AC +2) [demonic ancestry]
   159 | D:1      | Reached XP level 2. HP: 21/22 MP: 2/2
   493 | D:1      | Reached skill level 3 in Maces & Flails
  1428 | D:2      | Reached XP level 3. HP: 27/27 MP: 3/3
  1495 | D:2      | Found a burning altar of Makhleb.
  1516 | D:2      | Reached skill level 1 in Armour
  1837 | D:2      | Gained mutation: A weak demonic guardian rushes to your aid. [demonic ancestry]
  1837 | D:2      | Reached XP level 4. HP: 25/33 MP: 4/4
  2028 | D:3      | Found an ancient bone altar of Kikubaaqudgha.
  2029 | D:3      | Found a radiant altar of Vehumet.
  2030 | D:3      | Found a deep blue altar of Sif Muna.
  2036 | D:3      | Identified Kikubaaqudgha's Guide on Evil Magic
  2066 | D:3      | Found a snail-covered altar of Cheibriados.
  2093 | D:3      | Found a sacrificial altar of Ru.
  3120 | D:3      | Found a shadowy altar of Dithmenos.
  3192 | D:3      | Gained mutation: Your spells are a little easier to cast, but a little less powerful. [potion of mutation]
  3192 | D:3      | Gained mutation: Scrolls take you a little longer to read. [potion of mutation]
  3192 | D:3      | Gained mutation: Your flesh is cold resistant. (rC+) [potion of mutation]
  3358 | D:3      | Found a runed door.
  3366 | D:3      | Noticed Crazy Yiuf
  3371 | D:3      | Killed Crazy Yiuf
  3371 | D:3      | Gained mutation: You have sharp fingernails. [demonic ancestry]
  3371 | D:3      | Reached XP level 5. HP: 31/39 MP: 5/5
  3403 | D:3      | Reached skill level 4 in Maces & Flails
  4079 | D:4      | Found a staircase to the Ecumenical Temple.
  4090 | Temple   | Entered the Ecumenical Temple
  4154 | Temple   | Became a worshipper of Warmaster Okawaru
  4229 | D:4      | Noticed Robin
  4365 | D:4      | Found an ornate altar of the Wu Jian Council.
  4416 | D:4      | Noticed an ogre
  4454 | D:4      | Killed an ogre
  4454 | D:4      | Reached XP level 6. HP: 46/46 MP: 6/6
  4756 | D:4      | Killed Robin
  4846 | D:4      | Learned a level 1 spell: Pain
  5211 | D:5      | Entered Level 5 of the Dungeon
  5255 | D:5      | Lost mutation: Your spells are a little easier to cast, but a little less powerful. [potion of mutation]
  5255 | D:5      | Lost mutation: Scrolls take you a little longer to read. [potion of mutation]
  5255 | D:5      | Lost mutation: Your flesh is cold resistant. (rC+) [potion of mutation]
  5255 | D:5      | Gained mutation: You have a beak for a mouth. [potion of mutation]
  5255 | D:5      | Gained mutation: You are agile. (Dex +2) [potion of mutation]
  5267 | D:5      | Reached * piety under Okawaru
  5638 | D:5      | Reached skill level 5 in Maces & Flails
  5638 | D:5      | Gained mutation: You sometimes gain a little power by taking damage. [demonic ancestry]
  5638 | D:5      | Reached XP level 7. HP: 38/52 MP: 7/7
  5699 | D:5      | Reached skill level 1 in Stealth
  6032 | D:5      | Noticed Edmund
  6045 | D:5      | Killed Edmund
  6112 | D:5      | Reached ** piety under Okawaru
  6270 | D:5      | Gained mutation: You sometimes gain power by taking damage. [demonic ancestry]
  6270 | D:5      | Reached XP level 8. HP: 54/60 MP: 8/8
  6278 | D:5      | Found a glowing golden altar of the Shining One.
  6285 | D:5      | Found a white marble altar of Elyvilon.
  6285 | D:5      | Found a shimmering altar of Xom.
  6289 | D:5      | Found a bloodstained altar of Trog.
  6289 | D:5      | Found a bloodstained altar of Trog.
  6289 | D:5      | Found a hazy altar of Hepliaklqana.
  6328 | D:6      | Noticed a gargoyle
  6435 | D:6      | Reached skill level 6 in Maces & Flails
  6798 | D:6      | Found a sparkling altar of Nemelex Xobeh.
  6812 | D:6      | Found a shattered altar of Ashenzari.
  7189 | D:6      | Found a hide-covered altar of Uskayaw.
  7417 | D:7      | Noticed a hippogriff
  7437 | D:7      | Reached *** piety under Okawaru
  7772 | D:7      | Reached skill level 7 in Maces & Flails
  7991 | D:7      | Identified a scroll of acquirement
  7992 | D:7      | Got a warped glass ring
  7993 | D:7      | Identified the ring of Altruism {Ice Int+2} (You acquired it on level 7 of the Dungeon)
  8090 | D:7      | Reached skill level 5 in Fighting
  8093 | D:7      | Noticed a hippogriff
  8113 | D:7      | Killed a hippogriff
  8113 | D:7      | Reached **** piety under Okawaru
  8113 | D:7      | Reached skill level 5 in Dodging
  8113 | D:7      | Gained mutation: A demonic guardian rushes to your aid. [demonic ancestry]
  8113 | D:7      | Reached XP level 9. HP: 36/67 MP: 9/9
  8913 | D:7      | Noticed Pikel
  8946 | D:7      | Killed Pikel
  9708 | D:8      | Reached skill level 8 in Maces & Flails
 10956 | D:8      | Found a staircase to the Lair.
 10957 | D:8      | Noticed a komodo dragon
 11036 | D:8      | Killed a komodo dragon
 11114 | D:9      | Identified Woymof's Handbook of Attacks
 11120 | D:9      | Learned a level 1 spell: Shock
 11195 | D:8      | Received a gift from Okawaru
 11542 | D:8      | Reached skill level 5 in Armour
 11819 | D:9      | Reached XP level 10. HP: 70/75 MP: 10/10
 11954 | D:8      | Reached ***** piety under Okawaru
 12531 | D:9      | Reached skill level 9 in Maces & Flails
 12630 | D:9      | Received a gift from Okawaru
 12635 | D:9      | Got an ichor-stained dire flail {god gift}
 12636 | D:9      | Identified the +2 dire flail "Quroeq" {crush, *Drain Str+3 Int+3 Stlth+} (Okawaru gifted it to you on level 9 of the Dungeon)
 12814 | D:9      | Found a glowing golden altar of the Shining One.
 12814 | D:9      | Found a blossoming altar of Fedhas.
 12911 | D:10     | Entered Level 10 of the Dungeon
 13029 | D:10     | Killed an unseen horror
 13987 | D:11     | Noticed a manticore
 14000 | D:11     | Killed a manticore
 14112 | D:11     | Found a flagged portal.
 14131 | Bailey   | Entered a bailey
 14473 | Bailey   | Shot with a bolt by an orc warrior

Vault maps used:
D:1:      saegor_arrival_simple_a
D:2:      makhleb_heckhound_becter
D:3:      cheibrodos_fertilizer, grunt_temple_overflow_magic_moments,
          cheibriados_altar_1, nicolae_ru_awakened_eye,
          nicolae_dithmenos_shadow_blocks, first_ration, uniq_crazy_yiuf_cottage
D:4:      lemuel_crystal_altar, minmay_temple_entry_mist,
          lightli_corner_chamber, uniq_robin
D:5:      doesnt_xom_only_xom, minmay_misc_feat_alley, minmay_ogre_servants,
          uniq_edmund
D:6:      ashenzari_altar_1, eat_drink_and_be_merry_uskayaw,
          nemelex_dance_club_becter
D:7:      kb_forest_paths, uniq_pikel
D:8:      david_lair_shrubbed, the_bakery, dk_rats_in_the_wall
D:9:      gammafunk_temple_overflow_wave, hangedman_abyss_or_decor_clamps
D:11:     zombieorc2_lemuel, enter_bailey_3
Temple:   nicolae_temple_figure_zero
Bailey:   bailey_polearm_2, bailey

Skill      XL: |  1  2  3  4  5  6  7  8  9 10 |
---------------+-------------------------------+-----
Dodging        | 3 4 5 6 |  6.4
Maces & Flails | 3 4 5 7 8 9 |  9.8
Armour         | 1 2 3 4 5 6 |  6.4
Throwing       | 2 3 4 |  4.3
Fighting       | 3 4 5 6 7 |  7.0
Stealth        | 1 2 3 |  3.1
Spellcasting   | |  0.5
Necromancy     | |  0.9
Invocations    | |  0.1

Action                   |  1- 3 |  4- 6 |  7- 9 | 10-12 || total
-------------------------+-------+-------+-------+-------++-------
Melee: Flail             |   124 |   166 |   325 |    73 ||   688
       Peck              |       |     6 |    84 |    40 ||   130
       Dire flail        |       |       |       |    99 ||    99
 Fire: Blowgun           |       |    17 |    78 |    13 ||   108
 Cast: Pain              |       |     3 |     3 |       ||     6
Invok: Heroism           |       |       |     1 |       ||     1
Evoke: Wand              |       |       |     5 |     9 ||    14
  Use: Scroll            |     2 |     7 |     7 |     8 ||    24
       Potion            |       |    10 |     3 |     2 ||    15
 Stab: Sleeping          |     2 |       |     6 |     2 ||    10
       Distracted        |       |     1 |     3 |       ||     4
  Eat: Chunk             |     3 |     5 |    10 |     4 ||    22
       Ration            |       |     2 |     3 |     1 ||     6
Armor: Leather armour    |    45 |    33 |    66 |       ||   144
       Animal skin       |       |     7 |       |       ||     7
       Scale mail        |       |       |    20 |    95 ||   115
       Skin              |       |       |     2 |       ||     2
Dodge: Dodged            |   103 |   129 |   308 |   161 ||   701
Block: Other             |       |       |       |    10 ||    10
       Reflection        |       |       |       |     8 ||     8

Table legend:
 A = Spawn XP
 B = Non-spawn XP
 C = Spawn XP percentage of total XP
 D = Spawn monster count
 E = Non-spawn monster count
 F = Spawn count percentage of total count
 G = Total turns spent on level
                    A         B        C        D         E        F      G
               +---------+---------+-------+---------+---------+-------+---------
         Total |       0 |    9721 |   0.0 |       0 |     221 |   0.0 | 14473
               +---------+---------+-------+---------+---------+-------+---------
           D:1 |       0 |      21 |   0.0 |       0 |      12 |   0.0 |   868
           D:2 |       0 |     106 |   0.0 |       0 |      16 |   0.0 |  1965
           D:3 |       0 |     168 |   0.0 |       0 |      23 |   0.0 |  1202
           D:4 |       0 |     169 |   0.0 |       0 |      19 |   0.0 |  1101
           D:5 |       0 |    1025 |   0.0 |       0 |      37 |   0.0 |  1132
           D:6 |       0 |     522 |   0.0 |       0 |      11 |   0.0 |  1073
           D:7 |       0 |    1675 |   0.0 |       0 |      18 |   0.0 |  2269
           D:8 |       0 |    1585 |   0.0 |       0 |      23 |   0.0 |  2223
           D:9 |       0 |    1957 |   0.0 |       0 |      27 |   0.0 |  1175
          D:10 |       0 |    1818 |   0.0 |       0 |      20 |   0.0 |   871
          D:11 |       0 |     657 |   0.0 |       0 |       9 |   0.0 |   177
        Bailey |       0 |      18 |   0.0 |       0 |       6 |   0.0 |   342
               +---------+---------+-------+---------+---------+-------+---------
